General information
- name: BNet
- type: Ladder team game (AT/RT)
- host: Battle.net
- saver: Flashbang_Omnix
map: Deadlock
- players: 8
- length: 20:28
- speed: Fast
- version: 1.26 W3XP
- replay type: Public
» download(137 KB)
Players
team 1 (winner)
KODOS_FORSAKEN (
red | 36 APM | 741 actions | 20:28)
3 Blood Mage
2 Flame Strike
1 Siphon Mana
» actions
| Assign group hotkey | 32 | |
| Basic commands | 14 | |
| Build / train | 38 | |
| Enter build submenu | 25 | |
| Enter hero's abilities submenu | 3 | |
| Right click | 259 | |
| Select / deselect | 266 | |
| Select group hotkey | 61 | |
| Use ability | 43 | |
741 total
» units
» upgrades
» buildings
| Lumber Mill | 2 | |
| Scout Tower | 9 | |
| Guard Tower | 7 | |
| Arcane Tower | 1 | |
| Town Hall | 2 | |
| Altar of Kings | 1 | |
| Farm | 6 | |
| Keep | 1 | |
| Blacksmith | 1 | |
| Workshop | 2 | |
| Castle | 1 | |
33 total
» build order
00:09 Lumber Mill
01:00 Scout Tower
01:13 Guard Tower
01:14 Scout Tower
01:21 Scout Tower
01:35 Guard Tower
01:36 Scout Tower
01:50 Guard Tower
01:52 Scout Tower
02:07 Guard Tower
02:09 Scout Tower
02:24 Guard Tower
02:28 Scout Tower
02:46 Guard Tower
02:48 Arcane Tower
02:56 Scout Tower
03:10 Guard Tower
03:12 Scout Tower
05:12 Town Hall
07:54 Altar of Kings
08:01 Farm
09:14 Lumber Mill
09:16 Farm
09:19 Farm
10:20 Keep
12:14 Blacksmith
12:18 Farm
12:20 Farm
12:57 Workshop
13:01 Workshop
13:49 Farm
16:04 Castle
16:57 Town Hall
» items
| Boots of Speed | 1 | |
| Circlet of Nobility | 1 | |
| Staff of Teleportation | 1 | |
| Healing Salve | 1 | |
| Lesser Clarity Potion | 1 | |
5 total

»
DaBest (
teal | 77 APM | 1578 actions | 20:28)
4 Priestess of the Moon
2 Searing Arrows
2 Trueshot Aura
4 Keeper of the Grove
2 Entangling Roots
2 Thorns Aura
» actions
| Basic commands | 10 | |
| Build / train | 65 | |
| Enter build submenu | 16 | |
| Enter hero's abilities submenu | 8 | |
| Right click | 1026 | |
| Select / deselect | 400 | |
| Use ability | 53 | |
1578 total
» units
| Wisp | 20 | |
| Dryad | 12 | |
| Druid of the Claw | 5 | |
37 total
» upgrades
| Abolish Magic | 1 | |
| Strength of the Wild | 3 | |
| Druid of the Claw Training | 2 | |
| Reinforced Hides | 3 | |
| Mark of the Claw | 1 | |
| Well Spring | 1 | |
| Ultravision | 1 | |
12 total
» buildings
| Altar of Elders | 1 | |
| Moon Well | 8 | |
| Tree of Ages | 1 | |
| Hunter's Hall | 1 | |
| Ancient of Lore | 3 | |
| Tree of Life | 1 | |
| Tree of Eternity | 1 | |
| Ancient of Wonders | 1 | |
| Ancient Protector | 1 | |
18 total
» build order
00:08 Altar of Elders
00:13 Moon Well
01:59 Tree of Ages
02:31 Hunter's Hall
03:11 Moon Well
04:21 Ancient of Lore
04:25 Ancient of Lore
04:34 Ancient of Lore
05:32 Moon Well
06:56 Moon Well
07:49 Tree of Life
08:11 Tree of Eternity
09:25 Moon Well
09:30 Ancient of Wonders
10:38 Moon Well
17:49 Moon Well
18:46 Moon Well
20:27 Ancient Protector
» items
| Scroll of Town Portal | 2 | |
| Scroll of Healing | 1 | |
| Potion of Lesser Invulnerability | 1 | |
4 total
gregsimoneau (
green | 37 APM | 755 actions | 20:28)
5 Blademaster
2 Wind Walk
3 Critical Strike
3 Tauren Chieftain
2 Endurance Aura
1 Shockwave
» actions
| Basic commands | 5 | |
| Build / train | 54 | |
| Enter build submenu | 17 | |
| Enter hero's abilities submenu | 8 | |
| Give item / drop item | 2 | |
| Right click | 486 | |
| Select / deselect | 136 | |
| Use ability | 47 | |
755 total
» units
» upgrades
| Ranged Weapons | 3 | |
| Armor | 2 | |
| Shaman Training | 2 | |
| Envenomed Spears | 1 | |
8 total
» buildings
| Altar of Storms | 1 | |
| Orc Burrow | 6 | |
| Voodoo Lounge | 2 | |
| War Mill | 1 | |
| Watch Tower | 3 | |
| Stronghold | 1 | |
| Beastiary | 2 | |
| Spirit Lodge | 1 | |
| Fortress | 1 | |
18 total
» build order
00:09 Altar of Storms
00:13 Orc Burrow
00:34 Voodoo Lounge
01:30 War Mill
01:44 Orc Burrow
02:39 Orc Burrow
03:47 Watch Tower
04:19 Watch Tower
04:27 Watch Tower
05:27 Orc Burrow
07:05 Voodoo Lounge
07:09 Stronghold
07:34 Orc Burrow
08:18 Orc Burrow
09:50 Beastiary
09:55 Beastiary
10:33 Spirit Lodge
13:01 Fortress
» items
| Healing Salve | 2 | |
| Lesser Clarity Potion | 2 | |
| Scroll of Speed | 1 | |
| Boots of Speed | 1 | |
| Periapt of Vitality | 1 | |
| Potion of Healing | 1 | |
| Potion of Mana | 1 | |
| Scroll of Town Portal | 1 | |
| Orb of Lightning | 1 | |
11 total
gankparadise (
blue | 49 APM | 1001 actions | 20:28)
4 Blademaster
2 Critical Strike
1 Wind Walk
1 Mirror Image
» actions
| Build / train | 57 | |
| Enter build submenu | 27 | |
| Enter hero's abilities submenu | 4 | |
| Remove unit from queue | 1 | |
| Right click | 588 | |
| Select / deselect | 283 | |
| Use ability | 41 | |
1001 total
» units
| Peon | 10 | |
| Grunt | 12 | |
| Raider | 10 | |
| Troll Headhunter/Berserker | 1 | |
33 total
» upgrades
| Spiked Barricades | 1 | |
| Armor | 3 | |
| Melee Weapons | 3 | |
| Ensnare | 1 | |
8 total
» buildings
| Altar of Storms | 1 | |
| Orc Burrow | 11 | |
| Barracks | 1 | |
| War Mill | 1 | |
| Stronghold | 1 | |
| Watch Tower | 4 | |
| Voodoo Lounge | 1 | |
| Fortress | 2 | |
| Beastiary | 1 | |
| Great Hall | 2 | |
25 total
» build order
00:11 Altar of Storms
00:21 Orc Burrow
00:35 Barracks
01:33 Orc Burrow
02:32 Orc Burrow
02:51 War Mill
04:02 Stronghold
04:10 Watch Tower
05:56 Watch Tower
06:12 Voodoo Lounge
07:23 Fortress
07:24 Fortress
07:28 Beastiary
08:33 Orc Burrow
09:32 Orc Burrow
11:04 Orc Burrow
11:28 Great Hall
12:27 Orc Burrow
12:30 Watch Tower
12:36 Orc Burrow
13:59 Watch Tower
15:12 Orc Burrow
15:52 Orc Burrow
15:57 Orc Burrow
19:19 Great Hall
» items
| Boots of Speed | 1 | |
| Staff of Teleportation | 1 | |
| Healing Salve | 3 | |
| Lesser Clarity Potion | 1 | |
| Potion of Healing | 1 | |
7 total
team 2 (loser)
Flashbang_Omnix (
purple | 75 APM | 1538 actions | 20:28)
5 Priestess of the Moon
1 Searing Arrows
2 Trueshot Aura
2 Scout
» actions
| Basic commands | 54 | |
| Build / train | 84 | |
| ESC pressed | 12 | |
| Enter build submenu | 18 | |
| Enter hero's abilities submenu | 5 | |
| Right click | 1002 | |
| Select / deselect | 294 | |
| Use ability | 69 | |
1538 total
» units
| Wisp | 38 | |
| Archer | 9 | |
| Huntress | 4 | |
| Hippogryph | 8 | |
59 total
» upgrades
| Strength of the Moon | 3 | |
| Nature's Blessing | 1 | |
| Improved Bows | 1 | |
| Hippogryph Taming | 1 | |
| Ultravision | 1 | |
| Moon Armor | 1 | |
8 total
» buildings
| Altar of Elders | 1 | |
| Moon Well | 6 | |
| Ancient of War | 2 | |
| Hunter's Hall | 1 | |
| Ancient of Wonders | 3 | |
| Tree of Life | 3 | |
| Tree of Ages | 1 | |
| Ancient Protector | 6 | |
| Ancient of Wind | 3 | |
| Tree of Eternity | 1 | |
27 total
» build order
00:12 Altar of Elders
00:17 Moon Well
00:20 Ancient of War
02:26 Moon Well
02:37 Hunter's Hall
03:46 Ancient of War
04:54 Moon Well
05:09 Ancient of Wonders
05:39 Tree of Life
07:07 Tree of Ages
08:36 Ancient Protector
08:37 Ancient Protector
08:38 Ancient Protector
08:39 Ancient Protector
08:41 Ancient Protector
08:43 Ancient Protector
09:09 Ancient of Wonders
09:57 Ancient of Wind
09:58 Ancient of Wind
10:18 Ancient of Wind
13:19 Tree of Life
14:41 Moon Well
14:42 Moon Well
14:43 Moon Well
16:24 Tree of Eternity
16:44 Tree of Life
17:49 Ancient of Wonders
» items
| Scroll of Town Portal | 5 | |
| Tome of Retraining | 1 | |
| Potion of Healing | 2 | |
8 total

»
oiola (
pink | 32 APM | 608 actions | 19:10)
2 Demon Hunter
1 Immolation
1 Mana Burn
» actions
| Build / train | 49 | |
| Enter build submenu | 22 | |
| Enter hero's abilities submenu | 2 | |
| Right click | 259 | |
| Select / deselect | 238 | |
| Use ability | 38 | |
608 total
» units
| Wisp | 19 | |
| Huntress | 3 | |
| Chimaera | 7 | |
| Hippogryph | 4 | |
33 total
» upgrades
| Strength of the Wild | 3 | |
| Reinforced Hides | 3 | |
| Corrosive Breath | 1 | |
| Well Spring | 1 | |
| Ultravision | 1 | |
| Abolish Magic | 1 | |
| Druid of the Claw Training | 1 | |
11 total
» buildings
| Altar of Elders | 1 | |
| Moon Well | 6 | |
| Ancient of War | 1 | |
| Hunter's Hall | 1 | |
| Tree of Ages | 1 | |
| Ancient of Wind | 1 | |
| Tree of Eternity | 1 | |
| Chimaera Roost | 2 | |
| Ancient Protector | 6 | |
| Ancient of Lore | 2 | |
| Tree of Life | 1 | |
23 total
» build order
00:21 Altar of Elders
00:37 Moon Well
00:50 Ancient of War
01:41 Moon Well
02:47 Hunter's Hall
02:54 Tree of Ages
05:45 Ancient of Wind
05:52 Moon Well
06:56 Moon Well
07:10 Tree of Eternity
07:42 Moon Well
08:47 Moon Well
09:32 Chimaera Roost
09:34 Chimaera Roost
09:51 Ancient Protector
10:38 Ancient Protector
10:46 Ancient Protector
10:53 Ancient Protector
16:32 Ancient of Lore
16:37 Ancient of Lore
16:47 Ancient Protector
16:50 Ancient Protector
16:56 Tree of Life

»
Itachi(Samita) (
orange | 26 APM | 500 actions | 19:09)
3 Blademaster
2 Wind Walk
1 Critical Strike
» actions
| Build / train | 19 | |
| Enter build submenu | 13 | |
| Enter hero's abilities submenu | 3 | |
| Remove unit from queue | 2 | |
| Right click | 304 | |
| Select / deselect | 141 | |
| Use ability | 18 | |
500 total
» units
» buildings
| Altar of Storms | 2 | |
| Orc Burrow | 5 | |
| Barracks | 1 | |
| War Mill | 2 | |
| Great Hall | 1 | |
| Stronghold | 0 | |
11 total
» build order
00:25 Altar of Storms
00:43 Orc Burrow
00:55 Barracks
01:59 Orc Burrow
02:17 War Mill
02:22 Orc Burrow
03:35 Orc Burrow
03:38 Altar of Storms
03:41 Orc Burrow
06:13 Great Hall
07:24 War Mill
09:23 Stronghold
2_Pac (
yellow | 52 APM | 1002 actions | 19:24)
4 Far Seer
2 Feral Spirit
2 Chain Lighting
3 Shadow Hunter
2 Healing Wave
1 Serpent Ward
» actions
| Build / train | 92 | |
| Enter build submenu | 13 | |
| Enter hero's abilities submenu | 7 | |
| Give item / drop item | 3 | |
| Right click | 582 | |
| Select / deselect | 236 | |
| Use ability | 69 | |
1002 total
» units
| Peon | 18 | |
| Troll Headhunter/Berserker | 23 | |
| Demolisher | 3 | |
| Troll Witch Doctor | 9 | |
| Shaman | 7 | |
60 total
» upgrades
| Armor | 3 | |
| Troll Regeneration | 1 | |
| Shaman Training | 2 | |
| Witch Doctor Training | 2 | |
| Ranged Weapons | 3 | |
| Berserker Upgrade | 1 | |
12 total
» buildings
| Altar of Storms | 1 | |
| Orc Burrow | 5 | |
| War Mill | 1 | |
| Barracks | 1 | |
| Stronghold | 1 | |
| Watch Tower | 1 | |
| Voodoo Lounge | 1 | |
| Spirit Lodge | 2 | |
| Fortress | 1 | |
| Great Hall | 1 | |
15 total
» build order
00:07 Altar of Storms
00:09 Orc Burrow
00:46 Orc Burrow
01:26 War Mill
01:44 Barracks
03:40 Stronghold
04:06 Orc Burrow
05:00 Watch Tower
05:44 Voodoo Lounge
06:06 Spirit Lodge
06:12 Spirit Lodge
07:37 Orc Burrow
08:01 Fortress
09:17 Great Hall
14:10 Orc Burrow
» items
| Healing Salve | 1 | |
| Potion of Healing | 3 | |
| Potion of Mana | 3 | |
| Scroll of Town Portal | 1 | |
8 total
Chat log
(00:06 / Allies) Flashbang_Omnix: wow...
(00:09 / Allies) Flashbang_Omnix: he is famous
(00:14 / Allies) 2_Pac: sup team
(00:20 / Allies) 2_Pac: plan?
(00:27 / Allies) oiola: win
(00:28 / Allies) Itachi(Samita): cc
(00:36 / Allies) 2_Pac: oj u get shamen i got docs
(00:44 / Allies) Flashbang_Omnix: red micros
(00:47 / Allies) Itachi(Samita): ok
(00:48 / Allies) Flashbang_Omnix: a lot
(00:52 / Allies) Flashbang_Omnix: and he's our enemy
(00:55 / Allies) 2_Pac: hh2 wind rider/docs
(01:00 / Allies) Flashbang_Omnix: arch to winds
(01:06 / Allies) Flashbang_Omnix: i mean arch/hipps
(01:12 / Allies) oiola: chims here
(02:00 / Allies) 2_Pac: tower bro
(02:02 / Allies) Flashbang_Omnix: like i said
(02:04 / Allies) 2_Pac: hit dem
(02:04 / Allies) Flashbang_Omnix: DAMN
(02:06 / Allies) 2_Pac: tower back
(02:09 / Allies) Flashbang_Omnix: hes the one
(02:20 / Allies) oiola: purp
(02:24 / Allies) oiola: tp
(02:28 / Allies) Flashbang_Omnix: forget it
(02:31 / Allies) Flashbang_Omnix: just rush red
(02:33 / Allies) Flashbang_Omnix: and its over
(02:54 / All) KODOS_FORSAKEN: gg wp by all
(03:17 / Allies) 2_Pac: oj is fucked
(04:01 / Allies) Flashbang_Omnix: take out lumber mill
(04:05 / Allies) Flashbang_Omnix: then he cant tower
(04:54 / Allies) 2_Pac: get expo
(05:29 / Allies) Flashbang_Omnix: wood me
(05:41 / Allies) Flashbang_Omnix: ty
(05:45 / Allies) 2_Pac: yup
(05:54 / All) Flashbang_Omnix: you wish
(06:06 / Allies) Itachi(Samita): 100 gold plz?
(06:14 / Allies) Itachi(Samita): ty
(06:41 / Allies) Itachi(Samita): yellow
(06:43 / Allies) 2_Pac: yo
(06:45 / Allies) Itachi(Samita): get some catapults
(06:52 / Allies) Itachi(Samita): plz
(07:00 / Allies) 2_Pac: 4...
(07:11 / Allies) Itachi(Samita): ok
(07:20 / Allies) 2_Pac: i will get them but 4 wat
(07:31 / All) KODOS_FORSAKEN: gg 3 on 4
(07:33 / All) KODOS_FORSAKEN: wp by all
(08:23 / Allies) Flashbang_Omnix: gold me
(08:25 / Allies) Flashbang_Omnix: now
(09:11 / Allies) oiola: red will get flying machines
(09:42 / Allies) 2_Pac: wats the plan
(09:45 / Allies) Flashbang_Omnix: wood me plz
(10:02 / Allies) Flashbang_Omnix: wood NOW
(10:06 / All) 2_Pac: tp?
(10:08 / Allies) Itachi(Samita): leave it
(10:12 / All) KODOS_FORSAKEN: NO DONT
(10:47 / Allies) 2_Pac: tp at pink or purp
(11:23 / Allies) 2_Pac: tp
(11:48 / Allies) oiola: tower up
(12:30 / Allies) oiola: gj
(12:32 / Allies) oiola: counter now
(12:33 / Allies) 2_Pac: couter
(13:03 / Allies) Flashbang_Omnix: wood plz
(13:11 / Allies) 2_Pac: we need to hit
(13:39 / Allies) Itachi(Samita): puro
(13:46 / Allies) Flashbang_Omnix: yeah okay
(13:46 / Allies) Itachi(Samita): purp*
(13:53 / Allies) Itachi(Samita): get dryards
(14:01 / Allies) Flashbang_Omnix: why>?
(14:06 / Allies) Flashbang_Omnix: i dont even know what they have
(14:11 / Allies) Flashbang_Omnix: assumming they got air
(14:12 / Allies) Itachi(Samita): ok
(15:14 / Allies) Itachi(Samita): b
(15:57 / Allies) 2_Pac: ?
(16:03 / Allies) Flashbang_Omnix: it was me
(16:06 / Allies) Flashbang_Omnix: i had over 2k
(16:48 / All) gregsimoneau: its ova
(16:56 / Allies) Flashbang_Omnix: why did we lost that?
(17:01 / Allies) Flashbang_Omnix: it was 4v3
(17:26 / Allies) 2_Pac: run
(17:58 / All) KODOS_FORSAKEN: k afk
(18:09 / Allies) Itachi(Samita): gg?
(18:50 / All) Flashbang_Omnix: wtf
(18:55 / All) Flashbang_Omnix: wow
(18:58 / All) gregsimoneau: now fuck off
(19:04 / All) Flashbang_Omnix: no fuck you man
(19:15 / Allies) 2_Pac: wtf
(19:22 / Allies) Flashbang_Omnix: wtf is right
(19:34 / All) Flashbang_Omnix: I guess they got scared
(19:39 / All) Flashbang_Omnix: cuz of you know who here
(19:53 / All) Flashbang_Omnix: but that's no excuse from running away
(20:12 / All) Flashbang_Omnix: it was a gg
(20:15 / All) Flashbang_Omnix: until at the end
(20:25 / All) Flashbang_Omnix: bye